 Dungeon Crawl Stone Soup version 0.22-a0-402-ga933591 (webtiles) character file.

31 GameOver the Sneak (level 3, -6/28 HPs)
             Began as a Naga Wizard on May 6, 2018.
             Mangled by a worm (10 damage)
             ... on level 1 of the Dungeon.
             The game lasted 00:04:43 (855 turns).

GameOver the Sneak (Naga Wizard)                     Turns: 855, Time: 00:04:43

Health: -6/28      AC:  3    Str:  9    XL:     3   Next: 22%
Magic:  6/7        EV: 10    Int: 19    God:
Gold:   35         SH:  0    Dex:  9    Spells: 2/8 levels left

rFire    . . .     SeeInvis +   l - +2 dagger (drain)
rCold    . . .     Gourm    .   (no shield)
rNeg     . . .     Faith    .   a - +0 robe
rPois    +         Spirit   .   r - +0 helmet
rElec    .         Reflect  .   (no cloak)
rCorr    .         Harm     .   (no gloves)
MR       .....                  (no barding)
Stlth    ++........             (no amulet)
HPRegen  0.09/turn              (no ring)
MPRegen  0.10/turn              (no ring)

@: very slow
A: large, see invisible, deformed body, poison resistance, slowness 2, slow
metabolism 1, spit poison 1, AC +1
a: Spit Poison


You were on level 1 of the Dungeon.
You were not hungry.

You visited 1 branch of the dungeon, and saw 2 of its levels.

You collected 35 gold pieces.

Inventory:

Hand Weapons
 h - a +0 short sword
 k - a +0 spear
 l - a +2 dagger of draining (weapon)
Missiles
 e - 52 arrows
 n - 4 javelins (quivered)
 o - 21 sling bullets
Armour
 a - a +0 robe (worn)
 r - a +0 helmet (worn)
Scrolls
 c - 2 scrolls of teleportation {unknown}
 f - 2 scrolls of identify {unknown}
 m - a scroll of remove curse {unknown}
 p - 2 scrolls of magic mapping {unknown}
Potions
 g - a potion of haste {unknown}
 i - a potion of curing {unknown}
 j - a potion of heal wounds {unknown}
 q - a potion of flight {unknown}
Comestibles
 b - a chunk of flesh
 d - 3 rations


   Skills:
 - Level 1.5 Dodging
 + Level 3.9 Stealth
 - Level 3.0 Spellcasting
 * Level 2.4 Conjurations
   Level 1.0 Summonings
 - Level 1.0 Translocations
 + Level 0.1 Air Magic
 + Level 0.5 Poison Magic


You had 2 spell levels left.
You knew the following spells:

 Your Spells              Type           Power        Failure   Level  Hunger
a - Magic Dart            Conj           ##..         5%          1    None
b - Blink                 Tloc           N/A          16%         2    ##.....
s - Mephitic Cloud        Conj/Pois/Air  #.......     30%         3    ###....


Dungeon Overview and Level Annotations

Branches:
Dungeon (2/15)

Altars:
Trog


Innate Abilities, Weirdness & Mutations

You cannot wear boots.
Your serpentine skin is tough. (AC +1)
You have supernaturally acute eyesight. (SInv)
Armour fits poorly on your strangely shaped body.
Your system is resistant to poisons. (rPois)
You cover ground very slowly.
You have a slow metabolism.
You can spit poison.


Message History

The worm is moderately wounded.
The moth of wrath goads the worm on!
The worm goes berserk!
You have got your breath back.
Press: ? - help, Shift-Dir - straight line, f/p - worm
Aim: a worm (lightly wounded, berserk, fast, unusually strong)
The splash of poison hits the worm.
The worm is poisoned.
The worm is heavily wounded.
You feel slightly more hungry. The worm bites you!
The worm looks more healthy.
You have got your breath back.
The worm barely misses you.
There is a stone staircase leading up here.
The worm bites you!
* * * LOW HITPOINT WARNING * * *
You climb upwards.
There is a stone staircase leading down here.
Unknown command.
The worm bites you!
You die...

######## .......# ######.##
....#...## ###......#######
...............# ###......#.###.#
>.......##.# #.#### ###...#.##.#
#..@># ###...#.##.# ####w#
......#.##.######.#
..........#.......#
............####..######
........##..# #..##...#####
.....##.##..# #..#........######
......#.##..# #.........#.......
............####......).....####.


You could see a worm (berserk).

Vanquished Creatures
  A worm (D:2)
  A leopard gecko (D:1)
  2 bats (D:1)
  5 goblins (D:1)
  4 hobgoblins (D:1)
  A ball python (D:1)
  A frilled lizard (D:1)
  5 kobolds (D:1)
  5 rats
25 creatures vanquished.

Notes
Turn   | Place    | Note
-------+----------+-------------------------------------------
     0 | D:1      | GameOver the Naga Wizard began the quest for the Orb.
     0 | D:1      | Reached XP level 1. HP: 15/15 MP: 4/4
   103 | D:1      | Reached XP level 2. HP: 22/22 MP: 1/6
   469 | D:1      | Reached XP level 3. HP: 26/28 MP: 5/7
   473 | D:1      | Learned a level 2 spell: Blink
   477 | D:1      | Learned a level 3 spell: Mephitic Cloud
   784 | D:2      | Noticed a moth of wrath
   787 | D:2      | Found a bloodstained altar of Trog.
   855 | D:1      | Mangled by a worm

Vault maps used:
D:1:      minmay_arrival_four_houses, kennysheep_small_spiral
D:2:      tgw_trog, nicolae_overflow_crystal_walls

Skill      XL: |  1  2 |
---------------+-------+-----
Conjurations   | 2 |  2.4
Dodging        | |  1.5
Stealth        | |  3.9
Spellcasting   | |  3.0
Summonings     | |  1.0
Translocations | |  1.0
Air Magic      | |  0.1
Poison Magic   | |  0.5

Action                   || total
-------------------------++-------
Melee: Spear             ||     7
       Dagger            ||     8
 Cast: Magic Dart        ||    29
 Abil: Spit Poison       ||    25
  Eat: Chunk             ||     1
Armor: Robe              ||     1
Dodge: Dodged            ||     7

Table legend:
 A = Spawn XP
 B = Non-spawn XP
 C = Spawn XP percentage of total XP
 D = Spawn monster count
 E = Non-spawn monster count
 F = Spawn count percentage of total count
 G = Total turns spent on level
                    A         B        C        D         E        F      G
               +---------+---------+-------+---------+---------+-------+---------
         Total |       0 |      45 |   0.0 |       0 |      25 |   0.0 |   855
               +---------+---------+-------+---------+---------+-------+---------
           D:1 |       0 |      37 |   0.0 |       0 |      21 |   0.0 |   761
           D:2 |       0 |       8 |   0.0 |       0 |       4 |   0.0 |    94
               +---------+---------+-------+---------+---------+-------+---------
